General information
- name: BNet
- type: Ladder team game (AT/RT)
- host: Battle.net
- saver: damendenie
map: GnollWood
- players: 4
- length: 25:37
- speed: Fast
- version: 1.24 W3XP
- replay type: Public
» download(206 KB)
Players
team 1 (winner)
4K.Grubbo_PoXyU (
yellow | 228 APM | 5849 actions | 25:37)
4 Archmage
2 Summon Water Elemental
2 Brilliance Aura
3 Mountain King
2 Storm Bolt
1 Bash
» actions
| Assign group hotkey | 74 | |
| Basic commands | 134 | |
| Build / train | 135 | |
| Enter build submenu | 21 | |
| Enter hero's abilities submenu | 7 | |
| Give item / drop item | 4 | |
| Right click | 2134 | |
| Select / deselect | 1225 | |
| Select group hotkey | 1882 | |
| Use ability | 229 | |
5849 total
» units
| Peasant | 35 | |
| Footman | 12 | |
| Priest | 9 | |
| Sorceress | 4 | |
| Spell Breaker | 17 | |
| Mortar Team | 16 | |
93 total
» upgrades
» buildings
| Altar of Kings | 1 | |
| Barracks | 1 | |
| Farm | 9 | |
| Scout Tower | 1 | |
| Arcane Tower | 3 | |
| Keep | 3 | |
| Lumber Mill | 1 | |
| Arcane Vault | 1 | |
| Arcane Sanctum | 2 | |
| Town Hall | 1 | |
| Blacksmith | 1 | |
| Workshop | 2 | |
26 total
» build order
00:11 Altar of Kings
00:20 Barracks
00:35 Farm
00:50 Farm
01:56 Scout Tower
02:11 Farm
02:25 Arcane Tower
02:25 Arcane Tower
03:47 Keep
03:47 Keep
04:06 Lumber Mill
04:11 Arcane Vault
05:07 Farm
06:53 Arcane Sanctum
06:54 Farm
07:00 Arcane Sanctum
08:39 Farm
08:41 Farm
09:13 Town Hall
11:28 Farm
12:09 Blacksmith
13:17 Farm
14:28 Workshop
14:39 Workshop
» items
| Scroll of Regeneration | 3 | |
| Lesser Clarity Potion | 3 | |
| Potion of Healing | 3 | |
| Scroll of Town Portal | 3 | |
| Dust of Appearance | 5 | |
| Scroll of Protection | 1 | |
| Potion of Lesser Invulnerability | 1 | |
| Scroll of Healing | 1 | |
20 total
tryToLeavewc3 (
green | 181 APM | 4650 actions | 25:37)
5 Death Knight
2 Death Coil
3 Unholy Aura
4 Lich
2 Frost Nova
2 Frost Armor
4 Crypt Lord
2 Impale
2 Spiked Carapace
» actions
| Assign group hotkey | 39 | |
| Basic commands | 101 | |
| Build / train | 83 | |
| ESC pressed | 1 | |
| Enter build submenu | 14 | |
| Enter hero's abilities submenu | 13 | |
| Give item / drop item | 3 | |
| Right click | 2498 | |
| Select / deselect | 358 | |
| Select group hotkey | 1377 | |
| Use ability | 163 | |
4650 total
» units
| Acolyte | 2 | |
| Ghoul | 2 | |
| Crypt Fiend | 12 | |
| Obsidian Statue | 4 | |
20 total
» upgrades
| Burrow | 1 | |
| Destroyer Form | 1 | |
| Web | 1 | |
| Creature Carapace | 1 | |
| Creature Attack | 1 | |
5 total
» buildings
| Graveyard | 1 | |
| Crypt | 2 | |
| Ziggurat | 7 | |
| Altar of Darkness | 1 | |
| Tomb of Relics | 1 | |
| Nerubian Tower | 3 | |
| Halls of the Dead | 3 | |
| Black Citadel | 4 | |
| Slaughterhouse | 2 | |
24 total
» build order
00:08 Graveyard
00:11 Crypt
00:27 Ziggurat
00:46 Altar of Darkness
01:41 Tomb of Relics
01:44 Ziggurat
01:51 Nerubian Tower
01:51 Nerubian Tower
03:49 Halls of the Dead
03:49 Halls of the Dead
03:49 Halls of the Dead
04:17 Ziggurat
04:18 Ziggurat
04:29 Ziggurat
08:01 Black Citadel
08:01 Black Citadel
08:01 Black Citadel
09:40 Slaughterhouse
09:41 Slaughterhouse
10:22 Crypt
10:28 Ziggurat
11:17 Ziggurat
» items
| Rod of Necromancy | 4 | |
| Dust of Appearance | 3 | |
| Lesser Clarity Potion | 1 | |
| Scroll of Town Portal | 6 | |
| Potion of Healing | 1 | |
| Scroll of Regeneration | 1 | |
| Orb of Corruption | 2 | |
| Potion of Lesser Invulnerability | 1 | |
| Potion of Mana | 1 | |
| Scroll of Healing | 4 | |
24 total
team 2 (loser)

»
angel-warrior (
red | 72 APM | 1839 actions | 25:37)
3 Blademaster
2 Wind Walk
1 Critical Strike
3 Shadow Hunter
2 Hex
1 Healing Wave
» actions
| Assign group hotkey | 27 | |
| Basic commands | 1 | |
| Build / train | 71 | |
| ESC pressed | 2 | |
| Enter build submenu | 16 | |
| Enter hero's abilities submenu | 6 | |
| Give item / drop item | 6 | |
| Right click | 831 | |
| Select / deselect | 377 | |
| Select group hotkey | 343 | |
| Use ability | 159 | |
1839 total
» units
| Peon | 8 | |
| Grunt | 8 | |
| Raider | 5 | |
| Troll Witch Doctor | 9 | |
| Shaman | 1 | |
| Tauren | 3 | |
34 total
» upgrades
| Berserker Strength | 1 | |
| Ensnare | 1 | |
| Witch Doctor Training | 2 | |
| Shaman Training | 2 | |
| Pillage | 1 | |
| Armor | 1 | |
| Pulverize | 1 | |
9 total
» buildings
| Altar of Storms | 1 | |
| Orc Burrow | 6 | |
| Barracks | 1 | |
| Voodoo Lounge | 1 | |
| Stronghold | 1 | |
| Fortress | 1 | |
| Beastiary | 1 | |
| Spirit Lodge | 2 | |
| War Mill | 1 | |
| Tauren Totem | 1 | |
16 total
» build order
00:02 Altar of Storms
00:05 Orc Burrow
00:21 Barracks
01:24 Voodoo Lounge
02:05 Orc Burrow
03:47 Stronghold
04:31 Orc Burrow
06:44 Fortress
06:45 Beastiary
06:57 Spirit Lodge
10:26 Spirit Lodge
10:58 Orc Burrow
11:52 Orc Burrow
14:31 War Mill
14:41 Orc Burrow
18:36 Tauren Totem
» items
| Circlet of Nobility | 1 | |
| Boots of Speed | 1 | |
| Healing Salve | 2 | |
| Lesser Clarity Potion | 5 | |
| Scroll of Speed | 1 | |
| Scroll of Town Portal | 3 | |
| Orb of Lightning | 1 | |
14 total

»
damendenie (
teal | 129 APM | 3308 actions | 25:37)
4 Demon Hunter
2 Mana Burn
2 Evasion
4 Dark Ranger
2 Black Arrow
2 Silence
» actions
| Assign group hotkey | 60 | |
| Basic commands | 6 | |
| Build / train | 80 | |
| Enter build submenu | 21 | |
| Enter hero's abilities submenu | 8 | |
| Give item / drop item | 6 | |
| Right click | 1201 | |
| Select / deselect | 875 | |
| Select group hotkey | 883 | |
| Use ability | 168 | |
3308 total
» units
| Wisp | 20 | |
| Huntress | 3 | |
| Dryad | 5 | |
| Druid of the Claw | 15 | |
43 total
» upgrades
| Druid of the Claw Training | 2 | |
| Abolish Magic | 1 | |
| Strength of the Wild | 1 | |
| Mark of the Claw | 1 | |
| Ultravision | 1 | |
| Reinforced Hides | 2 | |
| Well Spring | 1 | |
9 total
» buildings
| Altar of Elders | 1 | |
| Moon Well | 8 | |
| Hunter's Hall | 1 | |
| Ancient of War | 1 | |
| Tree of Ages | 1 | |
| Ancient of Wonders | 1 | |
| Tree of Life | 3 | |
| Ancient of Lore | 2 | |
| Tree of Eternity | 1 | |
19 total
» build order
00:06 Altar of Elders
00:18 Moon Well
01:44 Hunter's Hall
01:50 Ancient of War
02:19 Moon Well
03:27 Tree of Ages
04:00 Moon Well
04:02 Ancient of Wonders
04:30 Tree of Life
04:48 Tree of Life
06:17 Ancient of Lore
06:18 Ancient of Lore
08:23 Tree of Eternity
10:19 Moon Well
10:20 Moon Well
15:13 Moon Well
18:21 Moon Well
18:22 Moon Well
19:29 Tree of Life
» items
| Circlet of Nobility | 1 | |
| Scroll of Town Portal | 6 | |
| Boots of Speed | 1 | |
| Potion of Lesser Invulnerability | 2 | |
| Staff of Preservation | 2 | |
| Orb of Venom | 1 | |
| Potion of Healing | 1 | |
| Scroll of Healing | 1 | |
| Lesser Clarity Potion | 1 | |
16 total
Chat log
(00:14 / Allies) damendenie: ga shops af
(00:23 / Allies) damendenie: voor items
(00:26 / Allies) angel-warrior: y
(00:29 / Allies) angel-warrior: de linkse ist toch?
(00:39 / Allies) angel-warrior: linkse beesje
(00:40 / Allies) damendenie: denk t
(00:42 / Allies) damendenie: ja
(00:50 / Allies) damendenie: kga hunts denk
(01:03 / Allies) damendenie: als hu fe gaat
(01:06 / Allies) damendenie: constant pushe
(01:09 / Allies) angel-warrior: y
(01:17 / Allies) damendenie: ud
(02:53 / Allies) damendenie: grutn
(02:57 / Allies) damendenie: go
(03:02 / Allies) damendenie: zo
(03:18 / Allies) damendenie: item
(03:24 / Allies) damendenie: kut
(03:44 / Allies) damendenie: gj
(05:36 / Allies) damendenie: i exe
(05:42 / Allies) angel-warrior: k nice
(05:46 / Allies) damendenie: dk
(06:45 / Allies) damendenie: panda of naga
(06:51 / Allies) angel-warrior: panda
(07:00 / Allies) damendenie: kanker
(07:07 / Allies) damendenie: dr dus
(07:10 / Allies) angel-warrior: lol
(07:35 / Allies) angel-warrior: wat voor casters zalk gaan
(08:16 / Allies) damendenie: BM
(08:17 / Allies) damendenie: go
(08:19 / Allies) angel-warrior: yy
(08:28 / Allies) angel-warrior: control men adnere
(08:31 / Allies) damendenie: k
(09:12 / Allies) damendenie: sh heeft geen tp
(09:13 / Allies) damendenie: bm kom
(09:19 / Allies) angel-warrior: bm komt
(09:29 / Allies) angel-warrior: go
(09:37 / Allies) damendenie: uyd hier
(09:37 / Allies) damendenie: denk
(09:53 / Allies) angel-warrior: \zomg
(09:54 / Allies) damendenie: wtf doe je
(10:10 / Allies) damendenie: b
(10:16 / Allies) angel-warrior: y
(10:25 / Allies) damendenie: koop heal dan
(10:30 / Allies) angel-warrior: ja
(10:36 / Allies) angel-warrior: om 1 of adere rede d8 ik dak geheald was
(11:03 / Allies) damendenie: ohja
(11:30 / Allies) damendenie: kga harars
(11:33 / Allies) angel-warrior: k
(11:33 / Allies) damendenie: kk
(11:35 / Allies) angel-warrior: komder zo aan
(11:39 / Allies) damendenie: ga maar naar hu
(12:11 / Allies) angel-warrior: op weg naar hu
(12:26 / Allies) damendenie: denk exer
(12:53 / Allies) damendenie: exe
(13:20 / Allies) damendenie: w8 ff
(14:14 / Allies) angel-warrior: b
(14:14 / Allies) angel-warrior: b
(15:20 / Allies) damendenie: tp?
(15:23 / Allies) angel-warrior: y
(15:24 / Allies) angel-warrior: ho
(17:41 / Allies) angel-warrior: laat mij gebouw kille
(17:44 / Allies) angel-warrior: extra gold
(17:45 / Allies) angel-warrior: pak epas
(18:18 / Allies) angel-warrior: netjes gevecht net
(18:52 / Allies) damendenie: koop item voor je bm
(19:33 / Allies) damendenie: b
(19:36 / Allies) damendenie: kut pos
(19:38 / Allies) damendenie: b
(20:21 / Allies) angel-warrior: morts moete dood
(21:12 / Allies) damendenie: go
(22:38 / Allies) angel-warrior: tpde je nou?
(22:41 / Allies) damendenie: nee
(22:42 / Allies) damendenie: staf
(23:01 / Allies) angel-warrior: gepwnd door morts
(23:04 / Allies) damendenie: win
(23:06 / Allies) damendenie: speel
(23:10 / Allies) angel-warrior: y ofc
(23:13 / Allies) angel-warrior: maar legers gepwnd
(23:26 / Allies) angel-warrior: hadde ze nob
(23:27 / Allies) angel-warrior: sbs?
(23:39 / Allies) damendenie: kom
(23:40 / Allies) damendenie: snel
(23:42 / Allies) angel-warrior: heb nog geen hero
(24:49 / Allies) angel-warrior: b
(25:35 / All) damendenie: gg